Map: [ESL] Alcyone

Players

Fjant - Winner!

  • Race: Zerg Zerg
  • League: Grandmaster
  • Spawn Location: 7:00

Harstem

  • Race: Protoss Protoss
  • League: Grandmaster
  • Spawn Location: 1:00

Event: HomeStory Cup XXIV

VOD

Have the link to the VOD?

Description

Time

  • Played on: Dec. 1, 2023, 6:43 a.m.
  • Length: 9:28

All games in this series

Show
View Real Time Build Order
Export as new Build Order

Fjant Zerg - Winner!

Build Orders: Hatch First 

Get SALT Encoding   

  12  0:00  Drone  
  13  0:11  Overlord  
  13  0:17  Drone  
  14  0:29  Drone  
  14  0:30  Drone  
  16  0:46  Hatchery  
  15  0:50  Drone  
  15  0:54  Drone  
  17  0:57  Drone  
  18  1:07  Extractor  
  17  1:12  Spawning Pool  
  17  1:15  Drone  
  17  1:18  Drone  
  18  1:27  Drone  
  19  1:41  Drone  
  20  1:52  Drone  
  21  1:59  Queen x2  
  21  2:00  Zergling x2  
  26  2:01  Zergling x2  
  26  2:07  Metabolic Boost  
  27  2:13  Drone  
  27  2:14  Overlord  
  28  2:28  Hatchery  
  27  2:32  Drone  
  27  2:33  Drone  
  29  2:38  Drone  
  29  2:40  Drone  
  29  2:43  Drone  
  32  2:44  Overlord  
  32  2:51  Queen  
  32  2:55  Drone  
  32  2:57  Drone  
  36  3:02  Queen  
  38  3:07  Zergling x4  
  38  3:11  Drone x2  
  42  3:15  Overlord  
  42  3:24  Zergling x2  
  41  3:38  Drone x5  
  45  3:42  Queen  
  45  3:44  Drone x4  
  45  3:48  Overlord  
  51  3:50  Queen  
  51  3:54  Drone  
  51  3:55  Drone  
  55  4:00  Drone  
  55  4:01  Spore Crawler  
  54  4:05  Overlord  
  54  4:06  Drone  
  55  4:11  Spore Crawler  
  55  4:13  Overlord  
  55  4:14  Drone x3  
  57  4:18  Spore Crawler  
  57  4:19  Drone  
  57  4:20  Drone  
  58  4:29  Overlord  
  58  4:30  Zergling x2  
  58  4:31  Zergling x6  
  62  4:32  Drone  
  62  4:38  Drone  
  62  4:43  Evolution Chamber  
  61  4:46  Drone x3  
  61  4:48  Drone x2, Hatchery  
  61  4:51  Extractor  
  64  4:54  Drone x3  
  64  4:56  Extractor  
  64  4:57  Drone x2  
  68  5:01  Overlord  
  68  5:03  Queen  
  70  5:11  Drone x6  
  75  5:19  Drone x5  
  79  5:22  Spore Crawler  
  79  5:25  Zerg Melee Weapons Level 1  
  77  5:29  Drone x2  
  79  5:35  Roach Warren  
  79  5:36  Overlord  
  79  5:37  Drone x2  
  79  5:38  Drone  
  79  5:40  Extractor, Lair  
  79  5:42  Zergling x2  
  81  5:50  Zergling x2  
  81  5:51  Zergling x10  
  81  5:53  Zergling x4  
  81  5:54  Overlord  
  89  5:58  Overlord  
  89  6:00  Drone  
  89  6:01  Zergling x4, Baneling Nest  
  89  6:04  Drone x2  
  93  6:06  Drone  
  93  6:12  Zergling x2  
  93  6:13  Zergling x12  
  99  6:21  Zergling x14  
  103  6:26  Zergling x2  
  103  6:31  Spore Crawler  
  103  6:35  Roach x3  
  103  6:39  Hatchery  
  107  6:45  Zergling x2  
  107  6:46  Zergling x12  
  111  6:48  Overlord x2  
  110  7:00  Roach  
  109  7:10  Roach x8  
  109  7:11  Overlord  
  122  7:16  Roach x3  
  122  7:19  Overlord  
  122  7:20  Glial Reconstitution  
  128  7:22  Overlord  
  128  7:26  Baneling x9  
  128  7:29  Overlord  
  128  7:30  Overlord  
  128  7:37  Zergling x20  
  128  7:39  Drone  
  128  7:41  Centrifugal Hooks  
  128  7:42  Drone x2  
  140  7:52  Roach x7  
  140  7:56  Zergling x8  
  160  7:58  Drone x4  
  160  8:03  Zergling x2  
  160  8:04  Zergling x2  
  161  8:06  Zergling x6  
  161  8:07  Roach x3  
  170  8:13  Roach  
  170  8:15  Overlord x2  
  172  8:22  Baneling x8  
  172  8:32  Overlord x2  
  172  8:33  Overseer  
  172  8:36  Zergling x20  
  182  8:42  Zergling x14  
  187  8:51  Baneling x20  
  187  8:52  Zergling x10  
  187  8:53  Zergling x4  
  187  8:54  Zergling x4  
  196  9:02  Zergling x8  
  199  9:07  Baneling x2  
  199  9:08  Baneling x5  
Show
View Real Time Build Order
Export as new Build Order

Harstem Protoss 

Build Orders: 1 Gate Expand, Oracle Opening 

Get SALT Encoding   

  12  0:00  Probe  
  13  0:12  Probe  
  14  0:18  Pylon  
  14  0:24  Probe (Chrono Boost)  
  15  0:37  Gateway, Probe (Chrono Boost)  
  16  0:45  Probe (Chrono Boost)  
  16  0:46  Assimilator  
  17  0:51  Probe  
  18  1:03  Probe  
  19  1:15  Probe  
  20  1:23  Nexus  
  20  1:33  Cybernetics Core  
  20  1:35  Probe  
  21  1:42  Assimilator  
  21  1:47  Probe  
  21  1:50  Pylon  
  22  1:59  Probe  
  23  2:06  Adept (Chrono Boost)  
  23  2:12  Probe  
  26  2:20  Stargate  
  26  2:24  Probe  
  26  2:26  Adept (Chrono Boost)  
  29  2:36  Warp Gate, Probe  
  30  2:39  Probe  
  31  2:48  Probe  
  31  2:49  Adept  
  34  2:51  Probe  
  35  3:00  Probe  
  35  3:04  Oracle (Chrono Boost), Probe  
  37  3:12  Probe  
  41  3:13  Pylon  
  41  3:16  Probe  
  42  3:21  Gateway  
  42  3:24  Probe  
  43  3:28  Probe  
  43  3:34  Oracle (Chrono Boost)  
  44  3:43  Nexus, Probe  
  44  3:45  Probe  
  45  3:51  Pylon  
  45  3:57  Probe  
  45  4:01  Probe  
  47  4:04  Pylon  
  47  4:05  Oracle  
  47  4:09  Probe  
  49  4:13  Probe  
  49  4:14  Assimilator  
  49  4:16  Assimilator  
  50  4:21  Probe  
  50  4:23  Stalker  
  53  4:25  Adept, Probe  
  56  4:33  Probe  
  56  4:37  Probe  
  58  4:45  Probe  
  58  4:46  Gateway, Twilight Council  
  58  4:47  Gateway  
  58  4:49  Probe  
  58  4:50  Pylon  
  59  4:55  Probe  
  59  4:57  Probe  
  61  5:00  Stalker  
  61  5:01  Probe  
  61  5:06  Stalker  
  61  5:07  Probe  
  67  5:10  Probe  
  68  5:15  Probe  
  68  5:18  Forge  
  68  5:19  Probe  
  68  5:20  Pylon  
  70  5:22  Blink (Chrono Boost)  
  70  5:24  Probe  
  70  5:27  Probe  
  70  5:28  Stalker  
  74  5:31  Probe  
  74  5:35  Stalker  
  77  5:36  Probe  
  77  5:37  Pylon  
  77  5:39  Protoss Ground Weapons Level 1 (Chrono Boost), Probe  
  77  5:41  Shield Battery  
  79  5:43  Probe  
  79  5:45  Stalker  
  79  5:46  Stalker  
  79  5:48  Probe  
  85  5:55  Robotics Facility  
  87  5:59  Stalker  
  87  6:00  Stalker  
  89  6:04  Probe  
  89  6:05  Probe  
  89  6:06  Pylon, Probe  
  92  6:12  Stalker x2  
  92  6:17  Probe  
  92  6:18  Probe  
  98  6:19  Pylon  
  98  6:22  Probe  
  98  6:25  Stalker x2  
  103  6:29  Probe, Assimilator, Pylon  
  104  6:33  Assimilator  
  104  6:36  Probe  
  104  6:38  Stalker x2  
  110  6:46  Probe  
  108  6:48  Stalker x2  
  108  6:51  Templar Archives  
  108  6:53  Gateway  
  109  6:55  Probe x2  
  109  6:57  Gateway  
  109  6:58  Probe  
  110  7:04  Stalker x2  
  111  7:12  Stalker  
  109  7:16  Immortal (Chrono Boost)  
  109  7:20  Pylon  
  112  7:23  Psionic Storm  
  112  7:25  Pylon  
  112  7:31  Probe  
  112  7:36  Probe  
  114  7:42  Nexus  
  114  7:43  Pylon  
  114  7:44  High Templar  
  116  7:45  Probe  
  116  7:46  Shield Battery  
  117  7:52  Charge (Chrono Boost), Probe  
  117  7:54  Zealot, Stalker x2  
  124  8:08  High Templar  
  124  8:09  Probe  
  124  8:10  Nexus  
  127  8:16  Photon Cannon  
  127  8:20  High Templar  
  127  8:24  High Templar  
  131  8:27  Probe  
  131  8:28  Pylon  
  131  8:30  Assimilator  
  131  8:33  Gateway, Probe  
  133  8:34  Assimilator  
  133  8:38  Shield Battery  
  133  8:44  Pylon  
  133  8:45  Pylon  
  133  8:46  Probe x2  
  135  8:49  High Templar x2, Shield Battery  
  135  8:51  Shield Battery  
  135  8:52  Photon Cannon  
  135  8:55  Probe  
  140  8:59  Pylon  
  140  9:00  Probe  
  139  9:03  Photon Cannon  
  139  9:04  Zealot, Stalker x2  
  139  9:05  Stalker  
  139  9:06  Pylon  
  145  9:14  Archon  
  138  9:24  Stalker x3  
Tags
 
Add a new tag
Caveats
  • Supply blocks, unpowered buildings, or Contaminate may cause inaccurate times.
  • Supply counts are checked every 10 seconds.